 Dungeon Crawl Stone Soup version 0.30-a0-142-g7370640ec8 (webtiles) character file.

Game seed: 1132817484415305973

52 Ghostare the Grave Robber (level 3, -3/28 HPs)
             Began as a Hill Orc Necromancer on Sept 26, 2022.
             Slain by an iguana (9 damage)
             ... on level 3 of the Dungeon.
             The game lasted 00:18:25 (2479 turns).

Ghostare the Grave Robber (Hill Orc Necromancer)    Turns: 2479, Time: 00:18:25

Health: -3/28      AC:  6    Str: 18    XL:     3   Next: 85%
Magic:  2/5        EV: 11    Int: 15    God:
Gold:   103        SH:  0    Dex: 11    Spells: 1/5 levels left

rFire   . . .      SeeInvis .    n - +2 dagger (venom)
rCold   . . .      Faith    .    (no shield)
rNeg    . . .      Spirit   .    p - +0 ring mail
rPois   .          Reflect  .    (no helmet)
rElec   .          Harm     .    o - +0 cloak
rCorr   +          Rampage  .    (no gloves)
Will    +....                    (no boots)
Stlth   +.........               (no amulet)
HPRegen 0.09/turn                c - +6 ring of strength
MPRegen 0.09/turn                e - ring of resist corrosion

@: no status effects
A: strong-willed 1
a: no special abilities


You were on level 3 of the Dungeon.
You visited 1 branch of the dungeon, and saw 4 of its levels.

You collected 103 gold pieces.

Inventory:

Hand Weapons
 n - a +2 dagger of venom (weapon)
 q - a +0 hand axe
Missiles
 g - 4 stones
 l - 5 boomerangs (quivered)
Armour
 f - a +0 leather armour
 o - a +0 cloak (worn)
 p - a +0 ring mail (worn)
Jewellery
 c - a +6 ring of strength (left hand)
 e - a ring of resist corrosion (right hand)
Scrolls
 j - a scroll of fear
Potions
 a - 2 potions of degeneration
 b - a potion of magic
 i - a potion of attraction
 k - a potion of resistance {unknown}
 m - a potion of curing {unknown}


   Skills:
 + Level 1.3 Fighting
 + Level 0.4 Short Blades
 + Level 1.2 Armour
 + Level 1.7 Dodging
 + Level 1.7 Stealth
 + Level 0.6 Unarmed Combat
 + Level 1.8 Spellcasting
 + Level 4.4 Necromancy


You had one spell level left.
You knew the following spells:

 Your Spells              Type           Power      Damage    Failure   Level
a - Necrotise             Necr           56%        1d6       7%          1
b - Vampiric Draining     Necr           14%        2d7       21%         3

Your spell library contained the following spells:

 Spells                   Type           Power      Damage    Failure   Level
 Animate Dead             Necr           14%        N/A       54%         4
 Gell's Gravitas          Tloc           1%         N/A       77%         3
 Teleport Other           Tloc           1%         N/A       77%         3
 Agony                    Necr           14%        N/A       88%         5
 Dispersal                Tloc           0%         N/A       100%        6


Dungeon Overview and Level Annotations

Branches:
Dungeon (4/15)
 Temple: D:4-7

Altars:


Innate Abilities, Weirdness & Mutations

You are strong-willed. (Will+)


Message History

The iguana barely misses you. The iguana completely misses you.
The iguana attacks as you move away! The iguana barely misses you.
Found an escape hatch in the floor.
The iguana barely misses you. The iguana attacks as you move away!
The iguana bites you.
Found 6 silver boomerangs.
Found a stone staircase leading up.
The iguana bites you!
There is an escape hatch in the floor here.
The iguana bites you. The iguana attacks as you move away!
The iguana bites you!
* * * LOW HITPOINT WARNING * * *
There is a stone staircase leading up here.
You can't go down here!
The iguana closely misses you.
You climb upwards.
There is a stone staircase leading down here.
You hit the iguana but do no damage.
The iguana is poisoned.
The iguana bites you but does no damage.
You barely miss the iguana.
The iguana is lightly wounded.
The iguana bites you.
* * * LOW HITPOINT WARNING * * *
You hit the iguana but do no damage.
The iguana looks as sick as possible!
The iguana is lightly wounded.
Casting: Vampiric Draining (quite dangerous; 21% risk of failure)
Confirm with . or Enter, or press ? or * to list all spells.
The spell is quite dangerous to miscast (21% risk of failure)!
Continue anyway?
Aiming: Vampiric Draining (quite dangerous; 21% risk of failure)
Press: ? - help, Shift-Dir - straight line, f - iguana
Aim: an iguana (moderately wounded, extremely poisoned)
You draw life force from the iguana.
You feel life coursing into your body.
The iguana bites you but does no damage.
You hit the iguana but do no damage.
The iguana looks as sick as possible!
The iguana is severely wounded.
The iguana closely misses you.
You hit the iguana.
The iguana looks as sick as possible!
The iguana is almost dead.
The iguana bites you!
You die...

........#......#.##.# .
#.......#...........#
..###...#.....)....#.##
......................#
...................#.##
.............###.#.###
#........(.# #.#...# .
#.#.#.#....###.###.#
..<.##.#.....@..........#
..............l..##.#####
#...##.#..........#.# #..
#.#...#.#....#.#
#...##.#..........#.######.
#..........................
#.................#.#######
.......<..............#
###.................#.#


You could see an iguana (extremely poisoned).

Vanquished Creatures
  2 adders
  3 dart slugs
  6 ball pythons
  5 endoplasms
  2 goblins
  2 hobgoblins (D:1)
  2 kobolds
  2 quokkas
  3 bats
27 creatures vanquished.

Vanquished Creatures (others)
  A fungus (D:3)
1 creature vanquished.

Grand Total: 28 creatures vanquished

Notes
Turn   | Place    | Note
-------+----------+-------------------------------------------
     0 | D:1      | Ghostare the Hill Orc Necromancer began the quest for the
                  | Orb.
     0 | D:1      | Reached XP level 1. HP: 14/14 MP: 3/3
   889 | D:1      | Reached XP level 2. HP: 14/22 MP: 4/4
  1619 | D:2      | Reached XP level 3. HP: 24/27 MP: 5/5
  1620 | D:2      | Reached skill level 1 in Fighting
  1746 | D:2      | Reached skill level 1 in Armour
  1890 | D:2      | Learned a level 3 spell: Vampiric Draining
  2324 | D:3      | Gained mutation: You are strong-willed. (Will+) [potion of
                  | mutation]
  2447 | D:4      | Noticed a necrophage
  2479 | D:3      | Slain by an iguana

Illustrated notes

Levels and vault maps discovered:
D:1:      moated_graveyard_arrival, layout_basic
D:2:      layout_rooms
D:3:      layout_basic, shapermc_ecumenical_altar_acropolis
D:4:      layout_loops_ring, kennysheep_mini_moat, xom_butterflies,
          minmay_goblin_kobold_house, uniq_menkaure

Skill      XL: |  1  2  3 |
---------------+----------+-----
Fighting       | 1 |  1.3
Armour         | 1 |  1.2
Short Blades   | |  0.4
Dodging        | |  1.7
Stealth        | |  1.7
Unarmed Combat | |  0.6
Spellcasting   | |  1.8
Necromancy     | |  4.4

Action                   || total
-------------------------++-------
Melee: Unarmed           ||    44
       Dagger            ||    59
 Cast: Necrotise         ||     7
       Vampiric Draining ||     3
  Use: Scroll            ||     4
       Potion            ||     1
Armor: Leather armour    ||    20
       Ring mail         ||    15
Dodge: Dodged            ||    60

Table legend: (Time is in decaauts)
 A = Elapsed time spent in this place.
 B = Non-inter-level travel time spent in this place.
 C = Inter-level travel time spent in this place.
 D = Time resting spent in this place.
 E = Time spent auto-exploring this place.
 F = Levels seen in this place.
 G = Mean time per level.
                   A        B        C        D        E       F      G
               +--------+--------+--------+--------+--------+-----+--------+
         Total |   2475 |   2374 |    101 |   1081 |      0 |   4 |  618.8 |
       Dungeon |   2475 |   2374 |    101 |   1081 |      0 |   4 |  618.8 |
               +--------+--------+--------+--------+--------+-----+--------+

Top non-repeatable levels by time:
     D:1: 1334 daAuts
     D:2: 606 daAuts
     D:3: 491 daAuts
     D:4: 43 daAuts
